 Dungeon Crawl Stone Soup version 0.19-a0-1268-g6c5d9f8 (webtiles) character file.

122832 4thArraOfDagon the Grappler (level 16, -4/198 HPs)
             Began as a Troll Gladiator on Aug 29, 2016.
             Was a Priest of Elyvilon.
             Killed by a resonance strike
             ... invoked by a ragged hierophant
              (17 damage)
             ... in the Desolation of Salt.
             The game lasted 01:16:59 (14076 turns).

4thArraOfDagon the Grappler (Troll Gladiator)      Turns: 14076, Time: 01:17:00

Health: -4/198     AC: 27    Str: 27    XL:     16   Next: 35%
Magic:  24/25      EV: 10    Int: 14    God:    Elyvilon [***...]
Gold:   75         SH:  0    Dex:  5    Spells: 5 memorised, 14 levels left

rFire  + . .     SeeInvis .       - Unarmed
rCold  . . .     Gourm    +     (armour currently unavailable)
rNeg   + . .     Faith    .     (no shield)
rPois  ∞         Spirit   .     b - +0 hat
rElec  +         Dismiss  .     h - +0 cloak
rCorr  .         Reflect  .     (gloves unavailable)
MR     .....     Harm     .     (boots unavailable)
Stlth  +.........               p - amulet of regeneration
                                T - ring of protection from fire
                                U - ring "Saotenno" {Wiz Int+5 Dex-5}

@: statue-form, vulnerable, very slightly contaminated, slowed, invisible, very
slow
A: unfitting armour, claws 3, (yellow scales 0), blurry vision 1, deformed body,
fast metabolism 3, gourmand, regeneration 1, (shaggy fur 0), (tough skin 0),
wild magic 1
a: End Transformation, Lesser Healing, Heal Other, Purification, Divine
Protection, Renounce Religion


You were in the Desolation of Salt.
You worshipped Elyvilon.
Elyvilon was most pleased with you.
You were very hungry.
You were a stone statue.
You visited 4 branches of the dungeon, and saw 24 of its levels.
You also visited: Sewer and Desolation.

You collected 2008 gold pieces.
You spent 1933 gold pieces at shops.

Inventory:

Missiles
 w - 3 throwing nets
 y - 16 large rocks (quivered)
Armour
 a - a +0 robe
 b - a +0 hat (worn)
 h - a +0 cloak (worn)
 u - the +1 robe "Nighagukh" (melded) {+Fly Regen+ Str-3 Int+5}
   (You found it on level 10 of the Dungeon)

   It affects your strength (-3).
   It affects your intelligence (+5).
   It lets you fly.
   It increases your rate of regeneration.
 A - the cursed +0 robe of the Will of the Gods {rElec rCorr Dex-2, unknown}
   (You found it on level 1 of the Lair of Beasts)

   It affects your dexterity (-2).
   It insulates you from electricity.
   It protects you from acid and corrosion.
   It has a curse placed upon it.
Magical Staves
 k - an uncursed staff of wizardry {!a}
Jewellery
 p - an amulet of regeneration (around neck)
 K - an uncursed ring of poison resistance
 N - a +2 ring of evasion
 O - the ring "Yfiypuj" {*Tele rPois Int+5 Dex+2 Stlth-}
   (You found it on level 6 of the Lair of Beasts)

   [ring of teleportation]

   It may teleport you next to monsters.
   It affects your intelligence (+5).
   It affects your dexterity (+2).
   It protects you from poison.
   It makes you less stealthy.
 T - a ring of protection from fire (right claw)
 U - the ring "Saotenno" (left claw) {Wiz Int+5 Dex-5}
   (You bought it in a shop on level 2 of the Orcish Mines)

   [ring of wizardry]

   It improves your spell success rate.
   It affects your intelligence (+5).
   It affects your dexterity (-5).
Wands
 l - a wand of digging (8/24)
 q - a wand of teleportation (3/9)
 x - a wand of slowing (33/48)
 B - a wand of disintegration (7/24)
 F - a wand of iceblast (5/15)
 J - a wand of flame (20/48)
 L - a wand of paralysis (0/24)
 Q - a wand of iceblast (10/15)
 R - a wand of enslavement (17/24)
Scrolls
 e - 5 scrolls of remove curse
 f - 3 scrolls of fog
 g - a scroll of immolation
 m - 3 scrolls of magic mapping
 o - a scroll of random uselessness
 t - a scroll of teleportation
 C - 2 scrolls of acquirement {unknown}
 H - 2 scrolls of blinking
 I - a scroll of amnesia
 M - a scroll of torment {unknown}
 P - a scroll of summoning {unknown}
 S - a scroll of fear
Potions
 i - 2 potions of ambrosia
 r - a potion of cure mutation
 v - 2 potions of haste
 z - a potion of agility
 E - a potion of flight {unknown}
Books
 c - a book of Transfigurations

   Spells                             Type                      Level
   a - Irradiate                      Conjuration/Transmutation    5
   b - Statue Form                    Transmutation/Earth          6
   c - Hydra Form                     Transmutation                6
   d - Dragon Form                    Transmutation                7
Comestibles
 d - 8 bread rations
 j - 7 meat rations


   Skills:
 + Level 8.4 Fighting
 - Level 1.7 Throwing
 + Level 3.0 Dodging
 + Level 14.3 Unarmed Combat
 - Level 7.0 Spellcasting
 - Level 9.6 Transmutations
 - Level 11.3 Earth Magic
 + Level 9.5 Invocations


You had 14 spell levels left.
You knew the following spells:

 Your Spells              Type           Power        Failure   Level  Hunger
a - Statue Form           Tmut/Erth      #####....    19%         6    #######
b - Apportation           Tloc           #.........   10%         1    None
c - Swiftness             Chrm/Air       #.......     13%         2    #......
d - Passwall              Tmut/Erth      #####.....   1%          2    #......
e - Passage of Golubria   Tloc           N/A          82%         4    ####...


Dungeon Overview and Level Annotations

Branches:
Dungeon (15/15)              Lair (6/6) D:9           Swamp (0/4) Lair:3
  Snake (0/4) Lair:3        Slime (0/5) Lair:6          Orc (2/2) D:10
    Elf (1/3) Orc:2
 Temple: D:4-7       Vaults: D:13-14     Depths: D:15

Altars:
Ashenzari
Cheibriados
Dithmenos
Elyvilon
Fedhas
Hepliaklqana
Ru
Uskayaw
Vehumet
Zin
Beogh
Jiyva

Shops:
D:7 ?:[   D:11 (}   D:13 %*:   D:15 :   Orc:1 =   Orc:2 [(:=(

Annotations:
D:10 ilikecats's ghost, journeyman MiMo
Lair:1 Sonja
Lair:2 exclusion: oklob plant
Lair:4 exclusion: oklob plant
Lair:6 1 runed door


Innate Abilities, Weirdness & Mutations

You are too large for most types of armour.
You have claws for hands.
Your metabolism is lightning-fast.
You like to eat raw meat.
Your natural rate of healing is unusually fast.
((You are covered in fur. (AC +1)))
((You have very tough skin. (AC +2)))
((You are partially covered in yellow scales. (AC +2)))
Scrolls take you a little longer to read.
Armour fits poorly on your strangely shaped body.
Your spells are a little harder to cast, but a little more powerful.


Message History

The saltling barely misses you.
The ragged hierophant casts a spell at you.
A blast of power from the earth and the saltlings strikes you!
* * * LOW HITPOINT WARNING * * *
The saltling barely misses you.
The imperial myrmidon barely misses you.
The ragged hierophant hits you but does no damage.
Unknown command.
Unknown command.
You feel much better.
You feel less confused. The saltling closely misses you.
The imperial myrmidon hits you with a scimitar!
* * * LOW HITPOINT WARNING * * *
The ragged hierophant gestures at you while chanting.
A blast of power from the earth and the saltling strikes you!
* * * LOW HITPOINT WARNING * * *
The ragged hierophant casts a spell at you.
A blast of power from the earth and the saltling strikes you!
You die...

...................#
...........§§.§§§###
.........§§§.§.§.§###
.......§....§§.§§#.#
......§§.§.§§§##.##
.........§§§§§####
..../..8§§.§†##
.......p§§...§#
......88p§§.§§#
.......§p§§§§..#
.....#.§#§§....# ...8
#..#.8§...# ...
#..##.....# ..
....###....# . $....
#..... [:.... #....


You could see 2 ragged hierophants, an imperial myrmidon and 2 saltlings.

Vanquished Creatures
  Rupert (Orc:2)
  A stone giant (Orc:1)
  A dire elephant (Lair:6)
  A ragged hierophant (Desolation)
  Harold (Lair:1)
  A centaur warrior (D:15)
  A peacekeeper (Desolation)
  An alligator snapping turtle (Desolation)
  A catoblepas (Lair:6)
  6 dancing weapons (Elf:1)
  2 ogre magi (Orc:2)
  A deep troll shaman (Lair:6)
  An orc high priest (Orc:1)
  18 death yaks
  2 deep trolls
  An unseen horror (D:11)
  A lindwurm (Lair:6)
  4 hill giants
  2 orc knights (Orc:1)
  6 deep elf magi (Elf:1)
  An ugly thing (D:11)
  A hornet (shapeshifter) (D:14)
  An orc sorcerer (Orc:2)
  2 griffons
  14 elephants
  2 cyclopes (Orc:2)
  Maurice (D:7)
  Joseph (D:8)
  4 guardian serpents (Desolation)
  2 gargoyles (D:11)
  9 spiny frogs
  4 black mambas
  4 rime drakes
  A kobold demonologist (D:11)
  5 komodo dragons
  8 polar bears
  13 trolls
  14 saltlings (Desolation)
  24 blink frogs
  6 two-headed ogres
  3 air elementals (Elf:1)
  3 dream sheep (Lair:6)
  A shadow (D:11)
  4 spriggans (Lair:1)
  2 vampires
  A wraith (D:11)
  A wyvern (D:10)
  Grum (D:8)
  4 basilisks
  30 yaks
  2 steam dragons (D:11)
  2 vampire mosquitoes (D:15)
  9 hippogriffs
  6 wargs
  2 soldier ants (D:11)
  10 porcupines
  11 water moccasins
  Purgy (Sewer)
  4 ice beasts
  9 black bears
  15 orc warriors
  3 sky beasts
  An eye of draining (D:11)
  3 phantoms
  4 wasps
  5 boggarts (D:15)
  A necrophage (D:11)
  18 wolves
  17 ogres
  8 crocodiles
  6 centaurs
  A big kobold (D:11)
  8 giant frogs
  A gnoll sergeant (D:12)
  A wyvern zombie (D:9)
  4 scorpions
  5 killer bees
  3 electric eels
  A howler monkey (D:11)
  2 crimson imps
  2 centaur zombies
  2 giant frog zombies
  7 hounds
  3 centaur skeletons
  A jelly (D:14)
  11 orc priests
  9 iguanas
  7 worker ants
  22 orc wizards
  2 hell rats (D:9)
  A hound skeleton (D:11)
  A worker ant zombie (D:7)
  A gnoll (D:12)
  7 adders
  47 river rats
  A shadow imp (D:14)
  2 worms
  8 dart slugs
  3 giant geckos
  48 orcs
  3 giant cockroaches
  A goblin (D:2)
  A hobgoblin (D:2)
  13 jackals
  8 quokkas
  2 bats (D:2)
  A giant newt (D:2)
  7 kobolds
  A quokka skeleton (D:8)
  3 rats
  3 plants (Lair:1)
611 creatures vanquished.

Vanquished Creatures (others)
  A deep elf archer (Elf:1)
  A dream sheep (Lair:6)
  A spriggan (Lair:1)
  An ice beast (D:9)
  5 river rats (Lair:2)
  12 fungi
  7 plants
28 creatures vanquished.

Grand Total: 639 creatures vanquished

Notes
Turn   | Place    | Note
-------+----------+-------------------------------------------
     0 | D:1      | 4thArraOfDagon the Troll Gladiator began the quest for the Orb.
     0 | D:1      | Reached XP level 1. HP: 19/19 MP: 0/0
    24 | D:2      | Found a white marble altar of Elyvilon.
    32 | D:2      | Became a worshipper of Elyvilon the Healer
   117 | D:2      | Reached XP level 2. HP: 28/28 MP: 1/1
   191 | D:5      | Entered Level 5 of the Dungeon
   247 | D:4      | Found a blossoming altar of Fedhas.
   276 | D:4      | Reached XP level 3. HP: 35/35 MP: 2/2
   314 | D:5      | Noticed a centaur
   319 | D:5      | Killed a centaur
   319 | D:5      | Reached skill level 4 in Unarmed Combat
   319 | D:5      | Reached skill level 1 in Invocations
   319 | D:5      | Reached XP level 4. HP: 35/44 MP: 2/4
   338 | D:5      | Noticed an ice beast
   347 | D:5      | Killed an ice beast
   347 | D:5      | Reached skill level 5 in Unarmed Combat
   347 | D:5      | Reached XP level 5. HP: 42/50 MP: 5/5
   411 | D:5      | Found a snail-covered altar of Cheibriados.
   436 | D:5      | Noticed an ogre
   445 | D:5      | Killed an ogre
   445 | D:5      | Reached XP level 6. HP: 59/59 MP: 6/6
   477 | D:5      | Noticed an ice beast
   483 | D:5      | Killed an ice beast
   539 | D:6      | Reached * piety under Elyvilon
   617 | D:6      | Reached skill level 6 in Unarmed Combat
   617 | D:6      | Reached XP level 7. HP: 52/67 MP: 8/8
   724 | D:6      | Found a glowing drain.
   737 | Sewer    | Entered a sewer
   738 | Sewer    | Turgon: Hi, congrats for your 34.3 k TrFi of Oka
   766 | Sewer    | 4thArraOfDagon: hi, oh thanks!
   772 | Sewer    | Turgon: Isn't he a bit weak in extended?
   772 | Sewer    | 4thArraOfDagon: it was one of those straightforward wins
   789 | Sewer    | Noticed Purgy
   790 | Sewer    | Turgon: I mean Oka is not best choice for pan/tomb/hell
   790 | Sewer    | 4thArraOfDagon: oka? yea well free haste is still really great'
   790 | Sewer    | 4thArraOfDagon: but except of that not really good
   790 | Sewer    | 4thArraOfDagon: :/
   808 | Sewer    | Killed Purgy
   901 | D:6      | Found a hide-covered altar of Uskayaw.
  1073 | D:7      | Reached skill level 7 in Unarmed Combat
  1179 | D:7      | Found Huosoaps's Magic Scroll Shoppe.
  1186 | D:7      | Bought a scroll of teleportation for 33 gold pieces
  1186 | D:7      | Bought a scroll of blinking for 82 gold pieces
  1186 | D:7      | Bought a scroll of blinking for 82 gold pieces
  1196 | D:7      | Reached XP level 8. HP: 72/78 MP: 9/9
  1374 | D:7      | Turgon: Btw, to get the TrGl highscore, you have to beat 84.7 k :-)
  1414 | D:7      | Found a hazy altar of Hepliaklqana.
  1417 | D:7      | Turgon: http://crawl.develz.org/morgues/0.11/Turgon/morgue-Turgon-20121201-003001.txt
  1450 | D:7      | Turgon: That was version 0.11!
  1456 | D:7      | Reached skill level 8 in Unarmed Combat
  1484 | D:8      | Noticed Grum
  1491 | D:7      | Turgon: I played this nearly four years ago!
  1539 | D:7      | 4thArraOfDagon: oh wait
  1539 | D:7      | 4thArraOfDagon: that was your game1
  1546 | D:7      | Found Poynk's Book Boutique.
  1614 | D:7      | Turgon: In these times I considered 80 k games to be good
  1626 | D:7      | Turgon: :-)
  1659 | D:8      | Noticed Maurice
  1785 | D:7      | Found Paxoich's Antique Armour Emporium.
  1874 | D:8      | Reached ** piety under Elyvilon
  1878 | D:8      | Gained mutation: Your spells are a little harder to cast, but a little more powerful. [potion of mutation]
  1878 | D:8      | Gained mutation: You are partially covered in yellow scales. (AC +2) [potion of mutation]
  1934 | D:8      | Reached skill level 5 in Fighting
  1997 | D:8      | Reached skill level 5 in Invocations
  2000 | D:8      | Found a sacrificial altar of Ru.
  2001 | D:8      | Found a glowing silver altar of Zin.
  2002 | D:8      | Found a shadowy altar of Dithmenos.
  2002 | D:8      | Found a shattered altar of Ashenzari.
  2014 | D:8      | Reached skill level 9 in Unarmed Combat
  2014 | D:8      | Reached XP level 9. HP: 88/88 MP: 11/11
  2102 | D:8      | Elyvilon protects you from harm!
  2105 | D:8      | Turgon: self heal?
  2273 | D:8      | Noticed Joseph
  2297 | D:8      | Killed Grum
  2385 | D:8      | Killed Joseph
  2385 | D:8      | Was placed under penance by Elyvilon
  2463 | D:7      | Turgon: You must not kill when under Ely's protection
  2491 | D:7      | Killed Maurice
  2491 | D:7      | Reached skill level 10 in Unarmed Combat
  2523 | D:7      | Bought a scroll of remove curse for 33 gold pieces
  2523 | D:7      | Bought a scroll of identify for 22 gold pieces
  2816 | D:9      | Found a radiant altar of Vehumet.
  2895 | D:9      | Was forgiven by Elyvilon
  2928 | D:9      | Reached XP level 10. HP: 76/98 MP: 13/13
  2970 | D:9      | Found a staircase to the Lair.
  3059 | D:10     | Entered Level 10 of the Dungeon
  3067 | D:9      | Paralysed by a wasp for 3 turns
  3158 | D:10     | Found a roughly hewn altar of Beogh.
  3158 | D:10     | Noticed a hill giant
  3318 | D:10     | Killed a hill giant
  3318 | D:10     | Reached skill level 11 in Unarmed Combat
  3342 | D:10     | Found a staircase to the Orcish Mines.
  3440 | D:10     | Got a dull robe
  3467 | D:10     | HP: 2/100 [something (14)]
  3700 | D:10     | Noticed ilikecats's ghost (journeyman MiMo)
  3788 | D:11     | Reached *** piety under Elyvilon
  3812 | D:11     | Noticed a gargoyle
  3826 | D:11     | Killed a gargoyle
  3968 | D:11     | Noticed a gargoyle
  3979 | D:11     | Killed a gargoyle
  4066 | D:11     | Reached skill level 12 in Unarmed Combat
  4221 | D:11     | Found Keatto's Gadget Emporium.
  4249 | D:11     | Reached XP level 11. HP: 64/109 MP: 15/15
  4261 | D:11     | Noticed a brown ugly thing
  4281 | D:11     | Killed a brown ugly thing
  4287 | D:11     | Gained mutation: Your spells are harder to cast, but more powerful. [mutagenic meat]
  4290 | D:11     | Gained mutation: Armour fits poorly on your strangely shaped body. [mutagenic meat]
  4293 | D:11     | Gained mutation: Scrolls take you a little longer to read. [mutagenic meat]
  4296 | D:11     | Lost mutation: Your spells are harder to cast, but more powerful. [mutagenic meat]
  4331 | D:11     | Identified the +1 robe "Nighagukh" {+Fly Regen+ Str-3 Int+5} (You found it on level 10 of the Dungeon)
  4524 | D:11     | Found Yvaaq's Weapon Shop.
  4595 | D:11     | Bought a wand of teleportation (4/9) for 336 gold pieces
  4853 | D:13     | Found Woicweax's Food Emporium.
  5005 | D:13     | Found Dieconoj's General Store.
  5005 | D:13     | Noticed a hill giant
  5023 | D:13     | Killed a hill giant
  5023 | D:13     | Reached skill level 13 in Unarmed Combat
  5032 | D:13     | Bought a potion of curing for 39 gold pieces
  5061 | D:13     | Found Vohih's Book Boutique.
  5290 | D:13     | Noticed a centaur warrior
  5306 | D:14     | Noticed a fire crab
  5306 | D:14     | an octopode changed into a fire crab
  5319 | D:14     | Paralysed by a hornet for 1 turns
  5361 | D:15     | Entered Level 15 of the Dungeon
  5362 | D:15     | Noticed a centaur warrior
  5367 | D:15     | Killed a centaur warrior
  5409 | D:15     | Reached **** piety under Elyvilon
  5433 | D:15     | Found Wudd's Book Emporium.
  5553 | D:15     | Noticed a white ugly thing
  5714 | D:13     | Paralysed by a wasp for 2 turns
  5842 | Orc:1    | Entered Level 1 of the Orcish Mines
  5866 | Orc:1    | Found Xozom's Jewellery Shoppe.
  6010 | Orc:1    | Found a roughly hewn altar of Beogh.
  6055 | Orc:1    | Noticed an orc high priest
  6066 | Orc:2    | Entered Level 2 of the Orcish Mines
  6092 | Orc:2    | Found Teudupa's Antique Weapon Shop.
  6154 | Orc:2    | Found Doepoej's Jewellery Boutique.
  6154 | Orc:2    | Noticed a deep troll
  6163 | Orc:2    | Noticed an ogre mage
  6187 | Orc:2    | Reached ***** piety under Elyvilon
  6211 | Orc:2    | Noticed a stone giant
  6276 | Orc:1    | Killed a stone giant
  6276 | Orc:1    | Reached XP level 12. HP: 46/120 MP: 10/17
  6323 | Orc:2    | Noticed an ogre mage
  6331 | Orc:2    | Killed an ogre mage
  6331 | Orc:2    | Reached skill level 14 in Unarmed Combat
  6350 | Orc:2    | Noticed Rupert
  6383 | Orc:1    | Killed an orc high priest
  6472 | Orc:1    | Reached skill level 1 in Spellcasting
  6852 | Orc:2    | Killed an ogre mage
  6921 | Orc:2    | Found Yluqerha's Book Shop.
  6927 | Orc:2    | Found Ygaovam's Armour Emporium.
  7047 | Orc:2    | Turgon: !lg 4thArraOfDagon -log
  7049 | Orc:1    | beem: 12263. 4thArraOfDagon, XL2 TrGl, T:304: http://crawl.xtahua.com/crawl/morgue/4thArraOfDagon/morgue-4thArraOfDagon-20160829-121455.txt
  7279 | Orc:1    | Turgon: Oh, your recent XL 16 TrGl went elves -> abyss -> new game
  7291 | Orc:1    | 4thArraOfDagon: yea...
  7291 | Orc:1    | 4thArraOfDagon: :(
  7315 | Orc:2    | Turgon: But Kiku :-|
  7370 | Orc:2    | Reached skill level 5 in Spellcasting
  7433 | Orc:2    | Paralysed by Rupert for 7 turns
  7670 | D:11     | Turgon: !lg 4thArraOfDagon god=ely -log
  7673 | D:11     | beem: 138. 4thArraOfDagon, XL7 CeVM, T:1595: http://crawl.xtahua.com/crawl/morgue/4thArraOfDagon/morgue-4thArraOfDagon-20150531-203710.txt
  7879 | D:15     | Bought a book of Transfigurations for 825 gold pieces
  7886 | D:15     | Learned a level 6 spell: Statue Form
  8144 | Orc:1    | Reached skill level 1 in Earth Magic
  8145 | Orc:1    | Turgon: Do you pick up first god you can see?
  8230 | Orc:2    | Reached skill level 1 in Transmutations
  8282 | Orc:2    | Found Rarilet's Antique Weapon Boutique.
  8302 | Orc:2    | 4thArraOfDagon: close to first look
  8302 | Orc:2    | 4thArraOfDagon: but im avoiding speedrun gods :D
  8303 | Orc:2    | Found a staircase to the Elven Halls.
  8358 | Orc:1    | Reached XP level 13. HP: 105/127 MP: 20/20
  8364 | Orc:1    | Turgon: I think some gods are not interesting
  8447 | Lair:1   | Entered Level 1 of the Lair of Beasts
  8448 | Lair:1   | 4thArraOfDagon: ely seems quite good
  8558 | Lair:2   | Learned a level 1 spell: Apportation
  8572 | Lair:2   | Turgon: I once was told that pacify is extremely overpowered for early and mid game
  8621 | Lair:2   | Turgon: But well, loses 50% XP
  8794 | Lair:2   | Turgon: (and so, yes, Ely is no speedrun god)
  8794 | Lair:2   | 4thArraOfDagon: i wonder
  8794 | Lair:2   | 4thArraOfDagon: if the ely healing will work with vines
  8794 | Lair:2   | Turgon: idk
  8794 | Lair:2   | 4thArraOfDagon: it says it should
  8794 | Lair:2   | 4thArraOfDagon: pots and wands
  8798 | Lair:2   | Turgon: I'd guess you are right
  8839 | Lair:2   | Turgon: ?? robe of vines
  8841 | Lair:2   | beem: robe of vines[1/2]: The +2 robe of vines {DeviceHeal--- Regen++++++}. Gives +2.4 hp/turn regen but removes device healing.
  8872 | Lair:2   | Turgon: Ely is no device
  9092 | Lair:2   | Found a white marble altar of Elyvilon.
  9150 | Lair:3   | Found a staircase to the Snake Pit.
  9409 | Lair:3   | Reached skill level 5 in Earth Magic
  9530 | Lair:3   | Found a staircase to the Swamp.
 10156 | Lair:5   | Reached skill level 5 in Transmutations
 10428 | Lair:5   | Reached XP level 14. HP: 60/136 MP: 23/23
 10531 | Lair:6   | Entered Level 6 of the Lair of Beasts
 11518 | Lair:6   | Got a scorched amber ring
 11524 | Lair:6   | Identified the ring "Yfiypuj" {*Tele rPois Int+5 Dex+2 Stlth-} (You found it on level 6 of the Lair of Beasts)
 12134 | Lair:6   | Found a runed door.
 12134 | Lair:6   | Found a viscous altar of Jiyva.
 12135 | Lair:6   | Noticed an acid blob
 12136 | Lair:6   | Found a staircase to the Slime Pits.
 12196 | Lair:6   | Learned a level 2 spell: Swiftness
 12199 | Lair:6   | Learned a level 2 spell: Passwall
 12204 | Lair:6   | Learned a level 4 spell: Passage of Golubria
 12583 | Lair:1   | Reached skill level 10 in Earth Magic
 12583 | Lair:1   | Reached XP level 15. HP: 143/143 MP: 24/24
 12647 | Lair:1   | Noticed Sonja
 12837 | Lair:1   | Got a smoking robe
 12888 | Lair:1   | Noticed Harold
 12905 | Lair:1   | Killed Harold
 13476 | Orc:2    | Bought the ring "Saotenno" {Wiz Int+5 Dex-5} for 481 gold pieces
 13501 | Orc:2    | Killed Rupert
 13501 | Orc:2    | Reached XP level 16. HP: 152/152 MP: 19/25
 13524 | Elf:1    | Entered Level 1 of the Elven Halls
 13536 | Elf:1    | futacatgirl: Elyvilon?
 13776 | Elf:1    | Found a ruined silver gateway.
 13781 | Desolati | Entered the Desolation of Salt
 13792 | Desolati | 4thArraOfDagon: futa!
 13797 | Desolati | 4thArraOfDagon: ya ely
 13809 | Desolati | futacatgirl: for what purpose
 13953 | Desolati | 4thArraOfDagon: well not any specific reason
 13953 | Desolati | 4thArraOfDagon: just random choice i guess
 14026 | Desolati | 4thArraOfDagon: @?? myrmidon
 14026 | Desolati | beem: unknown monster: "myrmidon"
 14076 | Desolati | Killed from afar by a ragged hierophant

Vault maps used:
D:1:      lemuel_arrival_broad_hall, serial_park_tiny_1
D:2:      old_standard_altar, grunt_temple_overflow_open,
          nemelex_spade_bored_becter
D:3:      lemuel_blue_sif_altar
D:4:      fedhas_altar_1
D:5:      overflow_temple_1_default, serial_co_window_serial,
          co_window_corner_a, co_window_paths_b, co_window_paths_a,
          co_window_cross_1, co_window_of_opportunity_a, co_window_corner_a,
          co_window_of_opportunity_a, co_window_broadway_c, co_window_paths_c,
          co_window_corner_cb, co_window_paths_e, glass_columns_c,
          glass_columns_a, glass_columns_b, glass_columns_c, first_bread,
          uniq_sigmund
D:6:      nicolae_overflow_hidden_temple, gup_sewer_entry_bubbles, uniq_duvessa
D:7:      kennysheep_slugbush, kennysheep_mini_moat, serial_shops, shop_coins,
          kennysheep_mini, nicolae_shop_temple_entry_statues_fountains,
          shop_statue, nicolae_shop_stone
D:8:      grunt_temple_overflow_cloverleaf, item_on_display_a, uniq_grum,
          uniq_joseph, uniq_maurice
D:9:      fiery_altar_vehumet, dpeg_lair_monsters
D:10:     minmay_orc_entry_temple_small
D:11:     serial_shops, shop_statue, shop
D:12:     uniq_azrael
D:13:     kennysheep_windowed_halls, serial_shops, kennysheep_little_box,
          nicolae_shop_temple_entry_statues_fountains, nicolae_shop_behind_doors
D:14:     lightli_vaults_fourway_checkpoint, minmay_strange_pillars
D:15:     hangedman_depths_entry_try_elsewhere_first, minmay_tree_intersection,
          serial_shops, nicolae_shop_trees, trog_ov_bears_minmay
Lair:1:   serial_bayou, serial_bayou_lake_a, serial_bayou_pond_d,
          serial_bayou_shore_b, serial_bayou_crossing, wad_woods_01,
          infiniplex_staircase_pool_2, uniq_sonja, uniq_harold
Lair:2:   beast_lair_carwin_large_4, serial_bayou_pond_b, lemuel_oklob_altar
Lair:3:   swamp_mist_pool, guppyfry_snake_entry_island, lemuel_fruit_fields,
          infiniplex_staircase_pool, lemuel_fruit_tree
Lair:4:   minmay_lair_oklob_bushes, grunt_megastairs_5, uniq_urug
Lair:5:   serial_bayou_shore_b
Lair:6:   grunt_lair_end_beastmaster, slime_altar_2, grunt_megastairs_1,
          lemuel_fruit_fields
Orc:1:    basic_altar, serial_shops, nicolae_shop_waterfront
Orc:2:    st_orc_open, serial_shops, shop_fountains, uniq_rupert
Elf:1:    serial_glass, glass_columns_b, glass_columns_c,
          portal_desolation_entry_ruin, minmay_the_grid_2x2, minmay_shop_grove,
          uniq_agnes
Sewer:    sewer_the_crocodile

Skill      XL: |  1  2  3  4  5  6  7  8  9 10 11 12 13 14 15 16 |
---------------+-------------------------------------------------+-----
Fighting       | 2 3 4 5 6 7 8 |  8.4
Unarmed Combat | 4 5 6 7 9 10 12 13 14 | 14.3
Invocations    | 1 2 3 5 6 7 9 |  9.5
Spellcasting   | 5 6 7 |  7.0
Earth Magic    | 1 6 10 11 | 11.3
Transmutations | 1 5 8 9 |  9.6
Dodging        | 3 |  3.0
Throwing       | |  1.7

Action                   |  1- 3 |  4- 6 |  7- 9 | 10-12 | 13-15 | 16-18 || total
-------------------------+-------+-------+-------+-------+-------+-------++-------
Melee: Unarmed           |    45 |    31 |   375 |   714 |  1153 |   123 ||  2441
       Punch             |       |     1 |     9 |    48 |    92 |     4 ||   154
Throw: Throwing net      |       |     1 |     3 |       |       |       ||     4
       Large rock        |       |       |       |     6 |     3 |       ||     9
 Cast: Statue Form       |       |       |       |       |     1 |    10 ||    11
Invok: Lesser Healing    |       |       |     2 |    39 |    30 |     1 ||    72
       Divine Protection |       |       |     1 |       |       |       ||     1
       Greater Healing   |       |       |       |     6 |    15 |     1 ||    22
       Heal Other        |       |       |       |       |    10 |     4 ||    14
Evoke: Wand              |       |       |       |     1 |     5 |     4 ||    10
  Use: Scroll            |       |     2 |    15 |     9 |     6 |     1 ||    33
       Potion            |       |       |     5 |     8 |     4 |     5 ||    22
 Stab: Held in net/web   |       |     1 |     3 |       |       |       ||     4
       Sleeping          |       |       |       |     1 |     1 |       ||     2
       Distracted        |       |       |       |     1 |       |       ||     1
  Eat: Chunk             |     5 |     5 |    21 |    66 |    53 |    10 ||   160
       Royal jelly       |       |       |     1 |       |       |       ||     1
       Bread ration      |       |       |       |       |       |     1 ||     1
       Beef jerky        |       |       |       |       |       |     1 ||     1
Armor: Robe              |    22 |     2 |   103 |   195 |   280 |       ||   602
       Skin              |       |       |    94 |       |     7 |   125 ||   226
Dodge: Dodged            |    32 |     9 |   158 |   319 |   456 |    74 ||  1048
